 Dungeon Crawl Stone Soup version 0.21-a0-260-g9b2435e (webtiles) character file.

89 Kidiri the Skirmisher (level 4, -5/35 HPs)
             Began as a Demonspawn Abyssal Knight on Sept 7, 2017.
             Was a Believer of Lugonu.
             Slain by p0werm0de's ghost (10 damage)
             ... on level 3 of the Dungeon.
             The game lasted 00:05:48 (3310 turns).

Kidiri the Skirmisher (Demonspawn Abyssal Knight)   Turns: 3310, Time: 00:05:49

Health: -5/35      AC:  6    Str: 13    XL:     4   Next: 31%
Magic:  6/6        EV: 16    Int: 14    God:    Lugonu [**....]
Gold:   105        SH:  0    Dex: 17    Spells: 3/3 levels left

rFire    . . .     SeeInvis .   a - +1 falchion
rCold    . . .     Gourm    .   (no shield)
rNeg     . . .     Faith    .   l - +0 ring mail
rPois    .         Spirit   .   (helmet restricted)
rElec    .         Reflect  .   i - +0 cloak
rCorr    .         Harm     .   (no gloves)
MR       .....                  (no boots)
Stlth    ++........             (no amulet)
HPRegen  0.11/turn              (no ring)
MPRegen  0.10/turn              (no ring)

@: agile
A: antennae 2, powered by pain 1
a: Depart the Abyss, Bend Space, Renounce Religion


You were on level 3 of the Dungeon.
You worshipped Lugonu.
Lugonu was pleased with you.
You were not hungry.

You visited 1 branch of the dungeon, and saw 3 of its levels.
You visited the Abyss 1 time.

You collected 105 gold pieces.

Inventory:

Hand Weapons
 a - a +1 falchion (weapon)
Missiles
 o - 16 tomahawks (quivered)
Armour
 b - a +0 leather armour
 d - a +0 chain mail
 i - a +0 cloak (worn)
 l - a +0 ring mail (worn)
Scrolls
 m - a scroll of teleportation
 s - a scroll of fear
Potions
 c - a potion of invisibility
 e - a potion of curing
 f - a potion of agility
 g - a potion of degeneration {unknown}
 h - a potion of magic {unknown}
 j - 2 potions of brilliance {unknown}
 q - a potion of flight {unknown}
 r - a potion of might {unknown}
Comestibles
 k - 2 bread rations
 n - a meat ration
 p - a fruit


   Skills:
 + Level 3.4 Fighting
 * Level 2.6 Long Blades
 + Level 0.0 Throwing
 + Level 2.0 Armour
 * Level 2.0 Dodging
 + Level 1.2 Stealth
 + Level 3.0 Invocations


You had 3 spell levels left.
You didn't know any spells.

Dungeon Overview and Level Annotations

Branches:
Dungeon (3/15)

Altars:
Sif Muna

Annotations:
D:3 p0werm0de's ghost, amateur FeCK


Innate Abilities, Weirdness & Mutations

You have a pair of antennae on your head.
You sometimes gain a little power by taking damage.


Message History

You miss p0werm0de's ghost.
P0werm0de's ghost is severely damaged.
P0werm0de's ghost barely misses you.
You miss p0werm0de's ghost.
P0werm0de's ghost is severely damaged.
P0werm0de's ghost hits you.
You closely miss p0werm0de's ghost.
P0werm0de's ghost is severely damaged.
P0werm0de's ghost hits you.
You hit p0werm0de's ghost.
P0werm0de's ghost is severely damaged.
P0werm0de's ghost hits you but does no damage.
You miss p0werm0de's ghost.
P0werm0de's ghost is severely damaged.
P0werm0de's ghost hits you!
* * * LOW HITPOINT WARNING * * *
You miss p0werm0de's ghost.
P0werm0de's ghost is severely damaged.
P0werm0de's ghost misses you. P0werm0de's ghost hits you!
You die...

####.##.# #......#
#.##..## #..<...#
# #######.#. ###
#.# ##.###>#
####...##.###.####
+.........@Wr.....
####...#.#.##.....
#....###.# ###
##.##.# ## #.# #.#
#+# #.# ## #.# #.#
#.###### #.#
#.##...####.#


You could see p0werm0de's ghost and a rat.

Vanquished Creatures
  4 adders (D:2)
  3 worms (D:2)
  A leopard gecko (D:2)
  4 bats
  2 giant cockroaches (D:1)
  5 goblins
  9 hobgoblins
  A ball python (D:1)
  4 frilled lizards
  7 kobolds (D:1)
  7 rats
47 creatures vanquished.

Notes
Turn   | Place    | Note
-------+----------+-------------------------------------------
     0 | Abyss:1  | Kidiri the Demonspawn Abyssal Knight began the quest for the Orb.
     0 | Abyss:1  | Reached XP level 1. HP: 18/18 MP: 2/2
    18 | D:1      | Escaped the Abyss
    87 | D:1      | Reached skill level 1 in Dodging
   128 | D:1      | You fall through a shaft!
   204 | D:1      | Gained mutation: You sometimes gain a little power by taking damage. [demonic ancestry]
   204 | D:1      | Reached XP level 2. HP: 23/24 MP: 3/3
   271 | D:1      | Reached skill level 1 in Stealth
   732 | D:1      | Reached ** piety under Lugonu
  1347 | D:2      | Gained mutation: You have a pair of small antennae on your head. [demonic ancestry]
  1347 | D:2      | Reached XP level 3. HP: 13/29 MP: 3/5
  2318 | D:2      | Found a deep blue altar of Sif Muna.
  2339 | D:2      | Gained mutation: You have a pair of antennae on your head. [demonic ancestry]
  2339 | D:2      | Reached XP level 4. HP: 30/35 MP: 6/6
  3293 | D:3      | Noticed p0werm0de's ghost (amateur FeCK)
  3310 | D:3      | Slain by p0werm0de's ghost

Vault maps used:
D:1:      erik_arrival_cave_to_civilisation, minmay_tetromino_l4
D:2:      marbit_many_paths
D:3:      first_bread
Abyss:1:  minivault_27

Skill      XL: |  1  2  3  4 |
---------------+-------------+-----
Dodging        | 1 2 |  2.0
Stealth        | 1 |  1.2
Long Blades    | 2 |  2.6
Armour         | 2 |  2.0
Invocations    | 3 |  3.0
Fighting       | |  3.4

Action                   |  1- 3 |  4- 6 || total
-------------------------+-------+-------++-------
Melee: Falchion          |   148 |    44 ||   192
  Use: Scroll            |     3 |     3 ||     6
       Potion            |       |     1 ||     1
 Stab: Sleeping          |     1 |       ||     1
  Eat: Chunk             |     1 |     2 ||     3
       Bread ration      |     1 |       ||     1
Armor: Leather armour    |    36 |       ||    36
       Ring mail         |    25 |    11 ||    36
Dodge: Dodged            |    90 |    17 ||   107
       Rpst.: Falchion   |    28 |     7 ||    35

Table legend:
 A = Spawn XP
 B = Non-spawn XP
 C = Spawn XP percentage of total XP
 D = Spawn monster count
 E = Non-spawn monster count
 F = Spawn count percentage of total count
 G = Total turns spent on level
                    A         B        C        D         E        F      G
               +---------+---------+-------+---------+---------+-------+---------
         Total |       0 |     128 |   0.0 |       0 |      47 |   0.0 |  3310
               +---------+---------+-------+---------+---------+-------+---------
           D:1 |       0 |      39 |   0.0 |       0 |      27 |   0.0 |  1333
           D:2 |       0 |      89 |   0.0 |       0 |      20 |   0.0 |  1769
               +---------+---------+-------+---------+---------+-------+---------
